 Dungeon Crawl Stone Soup version 0.30-b1-2-g02819fbbbe (webtiles) character file.

Game seed: 16881094529061713617

10 MisterFreud the Ducker (level 2, -1/14 HPs)
             Began as a Felid Berserker on Dec 18, 2023.
             Was a Follower of Trog.
             Killed from afar by a dart slug (4 damage)
             ... with a slug dart
             ... on level 1 of the Dungeon.
             The game lasted 00:00:24 (84 turns).

MisterFreud the Ducker (Felid Berserker)              Turns: 84, Time: 00:00:25

Health: -1/14      AC:  1    Str: 13    XL:     2   Next: 10%
Magic:  3/3        EV: 18    Int:  8    God:    Trog [*.....]
Gold:   0          SH:  0    Dex: 15    Spells: 1/1 levels left
                                        Lives:  0   Deaths: 0

rFire   . .          .
                       - Unarmed
rCold   . . .        (shield unavailable)
rNeg    . . .        (body armour unavailable)
rPois   .            (helmet unavailable)
rElec   .            (cloak unavailable)
rCorr   .            (gloves unavailable)
SInv    +            (boots unavailable)
Will    .....        (no amulet)
Stlth   ++           (no ring)
HPRegen 0.22/turn    (no ring)
MPRegen 0.08/turn

%: no passive effects
@: on berserk cooldown, slowed, slow
A: very small, claws 1, fangs 3, see invisible, speed 1, shaggy fur 1, stealthy
paws, no weapons or thrown items, no armour, multi-lived
a: Renounce Religion, Berserk


You were on level 1 of the Dungeon.
You worshipped Trog.
Trog was aware of your devotion.
You visited 1 branch of the dungeon, and saw 1 of its levels.

You aren't carrying anything.


   Skills:
 - Level 3.0 Fighting
 - Level 4.0 Dodging
 + Level 1.8 Stealth
 + Level 3.3 Unarmed Combat


You had one spell level left.
You didn't know any spells.
Your spell library was empty.

Dungeon Overview and Level Annotations

Branches:
Dungeon (1/15)

Altars:


Innate Abilities, Weirdness & Mutations

You have sharp claws.
You have razor-sharp teeth.
You have supernaturally acute eyesight. (SInv)
You cover ground quickly. (Speed+)
You are covered in fur. (AC +1)
Your paws help you pounce on unaware monsters.
You are incapable of wielding weapons or throwing items.
You cannot wear armour.
You gain extra lives every three experience levels.


Message History

A red film seems to cover your vision as you go berserk!
You feel yourself moving faster!
You feel mighty!
The ball python bites you but does no damage.
The ball python closely misses you.
You barely miss the ball python.
The ball python is heavily wounded.
The ball python closely misses you. x2; The kobold hits you with a +0 dagger.
* * * LOW HITPOINT WARNING * * *
You claw the ball python!
You kill the ball python!
Trog accepts your kill. The dart slug launches a dart at you.
The slug dart misses you.
You have reached level 2!
You closely miss the kobold. The kobold hits you with a +0 dagger.
* * * LOW HITPOINT WARNING * * *
You barely miss the kobold. You bite the kobold.
You kill the kobold!
Trog accepts your kill. The dart slug launches a dart at you.
The slug dart misses you. The hobgoblin closely misses you.
You scratch the hobgoblin. You bite the hobgoblin.
You kill the hobgoblin!
Trog accepts your kill. The dart slug launches a dart at you.
The slug dart misses you.
A goblin comes into view. It is wielding a +0 club.
You feel a strong urge to attack something.
You are no longer berserk.
You are exhausted.
You feel yourself slow down. The dart slug launches a dart at you.
The slug dart misses you.
You scratch the dart slug but do no damage.
The dart slug misses you.
You scratch the dart slug.
The dart slug is moderately wounded.
The dart slug launches a dart at you. The slug dart hits you.
You die...

..........##..##
...........##..#
).....†.....##.######## #
.............#....#...## #
≈≈≈≈≈≈......)#.........### #
≈####≈≈.....†............#####
##≈................)......
#≈..............#.#.#.#.#
#≈.....♣@................
#≈......w#...#.#.#.#.#.#.
#≈≈......g#####...........
≈≈........# #.#.#.#.#.#.#
......... .............
......... #.#.#.#.#.#.
........# .......... ......###
#.#.#.#.# ...


You could see a dart slug and a goblin.

Vanquished Creatures
  A dart slug (D:1)
  A ball python (D:1)
  A goblin (D:1)
  2 hobgoblins (D:1)
  A quokka (D:1)
  A kobold (D:1)
7 creatures vanquished.

Notes
Turn   | Place    | Note
-------+----------+-------------------------------------------
     0 | D:1      | MisterFreud the Felid Berserker began the quest for the
                  | Orb.
     0 | D:1      | Reached XP level 1. HP: 10/10 MP: 2/2
    25 | D:1      | Reached skill level 1 in Stealth
    77 | D:1      | Reached XP level 2. HP: 4/14 MP: 3/3
    84 | D:1      | Killed from afar by a dart slug

Illustrated notes

Levels and vault maps discovered:
D:1:      dpeg_arrival_fog, layout_rooms, ebering_ecumenical_altar_ruins,
          hex_large, kennysheep_decorative_pillar

Skill      XL: |  1 |
---------------+----+-----
Stealth        | 1 |  1.8
Fighting       | |  3.0
Dodging        | |  4.0
Unarmed Combat | |  3.3

Action                     || total
---------------------------++-------
  Melee: Unarmed           ||    17
         Bite              ||     3
         Punch             ||     1
 Invoke: Berserk           ||     1
   Stab: Sleeping          ||     2
 Armour: Skin              ||     1
  Dodge: Dodged            ||    19
